 Dungeon Crawl Stone Soup version 0.20-a0-947-g2784f4f (webtiles) character file.

398 nikopol the Skirmisher (level 6, -3/39 HPs)
             Began as a Gargoyle Berserker on Apr 2, 2017.
             Was a Priest of Trog.
             Slain by Sigmund
             ... wielding a +0 scythe
              (6 damage)
             ... on level 4 of the Dungeon.
             The game lasted 00:05:23 (3053 turns).

nikopol the Skirmisher (Gargoyle Berserker)         Turns: 3053, Time: 00:05:25

Health: -3/39      AC: 13    Str: 22    XL:     6   Next: 83%
Magic:  6/6        EV: 11    Int:  8    God:    Trog [***...]
Gold:   262        SH:  4    Dex:  9    Spells: 5/5 levels left

rFire    + . .     SeeInvis .   a - +2 mace (crush)
rCold    . . .     Gourm    .   i - +0 buckler
rNeg     + . .     Faith    .   j - +1 ring mail {rF+}
rPois    ∞         Spirit   .   e - +0 helmet
rElec    +         Reflect  .   w - +0 cloak
rCorr    .         Harm     .   (no gloves)
MR       .....                  (no boots)
Stlth    +.........             (no amulet)
Regen    0.2/turn               m - ring of stealth
MPRegen  0.1/turn               (no ring)

@: exhausted, slowed, very slow
A: negative energy resistance 1, electricity resistance, unbreathing,
petrification resistance, rot immunity, AC +4
a: Berserk, Trog's Hand, Burn Spellbooks, Renounce Religion


You were on level 4 of the Dungeon.
You worshipped Trog.
Trog was most pleased with you.
You were very hungry.

You visited 1 branch of the dungeon, and saw 4 of its levels.

You collected 262 gold pieces.

Inventory:

Hand Weapons
 a - a +2 mace of crushing (weapon)
 g - a +0 mace
Armour
 b - a +0 animal skin
 e - a +0 helmet (worn)
 i - a +0 buckler (worn)
 j - a +1 ring mail of fire resistance (worn)
 w - a +0 cloak (worn)
Jewellery
 m - a ring of stealth (left hand)
 v - an uncursed ring of resist corrosion {unknown}
Scrolls
 h - 2 scrolls of identify
 n - a scroll of remove curse
 o - 2 scrolls of teleportation
Potions
 k - 4 potions of curing
 l - 3 potions of haste {unknown}
 q - a potion of magic {unknown}
 r - 3 potions of mutation {unknown}
 u - a potion of degeneration {unknown}
Comestibles
 c - 5 bread rations
 f - a fruit
 s - 2 royal jellies
 t - 4 chunks of flesh


   Skills:
 + Level 4.5 Fighting
 + Level 4.2 Maces & Flails
 + Level 3.9 Armour
 + Level 2.8 Dodging
 + Level 3.1 Shields


You had 5 spell levels left.
You didn't know any spells.

Dungeon Overview and Level Annotations

Branches:
Dungeon (4/15)
 Temple: D:4-7

Altars:
Dithmenos
Trog

Annotations:
D:4 Sigmund


Innate Abilities, Weirdness & Mutations

You are resistant to torment.
Your stone body is resilient. (AC +4)
You are immune to poison.
You resist negative energy. (rN+)
You are resistant to electric shocks. (rElec)
You can survive without breathing.
You are immune to petrification.
You are immune to rotting.


Message History

A magic dart appears from out of thin air!
The magic dart hits you!
You miss something. Something hits you but does no damage.
You miss something. You miss something.
You hear some strange, mumbled words.
Something tries to affect you, but you resist.
You hit something. The quokka misses you.
Something hits you but does no damage. You block the quokka's attack.
You are no longer berserk.
You are exhausted.
You feel yourself slow down.
Things that are here:
a club; an orc corpse; an adder corpse You hit the quokka but do no damage.
The quokka misses you.
The quokka bites you but does no damage.
Something hits you but does no damage.
You are feeling very hungry.
You barely miss the quokka. The quokka closely misses you. Something hits you.
You die...

#.. #.# ##
#.. #.... #..
#.#.## #<.
#.#.. #..
##...
....>.... ...
..[.....# #.#
#####..## #@#
#.. #r# #..
#)# #..
..........#
#.>
..#####......
#...###.#
#.... ..<###
#..#


You could see a quokka.

Vanquished Creatures
  An ogre (D:4)
  An orc priest (D:3)
  Crazy Yiuf (D:3)
  Terence (D:3)
  An orc wizard (D:3)
  Natasha (D:4)
  Ijyb (D:3)
  5 adders
  An ooze (D:2)
  2 adder skeletons (D:3)
  2 worms
  A dart slug (D:1)
  6 leopard geckos
  6 orcs
  6 giant cockroaches
  10 hobgoblins
  2 jackals (D:2)
  2 kobolds (D:3)
  A quokka (D:3)
  A ball python (D:1)
  11 bats
  5 frilled lizards
  7 goblins
  2 jackal skeletons (D:3)
  A jackal zombie (D:3)
  A quokka zombie (D:3)
  14 rats
  A withered plant (D:3)
94 creatures vanquished.

Notes
Turn   | Place    | Note
-------+----------+-------------------------------------------
     0 | D:1      | nikopol the Gargoyle Berserker began the quest for the Orb.
     0 | D:1      | Reached XP level 1. HP: 14/14 MP: 1/1
   112 | D:1      | Reached XP level 2. HP: 4/19 MP: 2/2
   928 | D:1      | Reached XP level 3. HP: 23/23 MP: 3/3
  1146 | D:2      | Found a shadowy altar of Dithmenos.
  1180 | D:2      | Reached ** piety under Trog
  1250 | D:2      | Reached skill level 1 in Shields
  1345 | D:2      | Found a bloodstained altar of Trog.
  1406 | D:2      | Reached XP level 4. HP: 28/28 MP: 4/4
  1792 | D:3      | Reached XP level 5. HP: 26/33 MP: 5/5
  2075 | D:3      | Noticed Ijyb
  2102 | D:3      | Killed Ijyb
  2377 | D:3      | Noticed Terence
  2385 | D:3      | Killed Terence
  2398 | D:3      | Reached *** piety under Trog
  2445 | D:3      | Reached XP level 6. HP: 38/38 MP: 6/6
  2922 | D:3      | Found a runed door.
  2926 | D:3      | Noticed Crazy Yiuf
  2935 | D:3      | Killed Crazy Yiuf
  3027 | D:4      | Noticed Sigmund
  3030 | D:4      | Noticed Natasha
  3043 | D:4      | Killed Natasha
  3053 | D:4      | Slain by Sigmund

Vault maps used:
D:1:      dpeg_arrival_simpleton_c
D:2:      nicolae_dithmenos_through_a_glass_darkly, serial_curves,
          eino_curves_03, eino_curves_02, trog_butcher_becter
D:3:      first_bread, serial_undead, serial_undead_c, serial_undead_c,
          serial_undead_c, serial_undead_c, serial_undead_e, serial_undead_f,
          serial_undead_f, serial_undead_b, serial_undead_e, serial_undead_f,
          minmay_close_crescents, uniq_terence, uniq_crazy_yiuf_cottage,
          uniq_iyjb
D:4:      nicolae_ossuary_entry_plus, serial_shops, kennysheep_little_box,
          kennysheep_generic_room_6, uniq_menkaure, uniq_sigmund, uniq_natasha

Skill      XL: |  1  2  3  4  5  6 |
---------------+-------------------+-----
Dodging        | 2 |  2.8
Shields        | 1 2 3 |  3.1
Armour         | 3 |  3.9
Fighting       | 4 |  4.5
Maces & Flails | 4 |  4.2

Action                   |  1- 3 |  4- 6 || total
-------------------------+-------+-------++-------
Melee: Mace              |   108 |   195 ||   303
Invok: Berserk           |       |     2 ||     2
       Burn Spellbooks   |       |     1 ||     1
  Use: Scroll            |       |     5 ||     5
 Stab: Sleeping          |     2 |     1 ||     3
  Eat: Chunk             |     2 |     6 ||     8
Armor: Animal skin       |    14 |       ||    14
       Ring mail         |    42 |   113 ||   155
Dodge: Dodged            |    83 |   136 ||   219
Block: Buckler           |    14 |    41 ||    55
